 Dungeon Crawl Stone Soup version 0.20.1-1-g8b1a95d (webtiles) character file.

53 ChaosMuffin the Skirmisher (level 3, -5/30 HPs)
             Began as a Demonspawn Abyssal Knight on Nov 16, 2017.
             Was a Believer of Lugonu.
             Slain by an orc
             ... wielding a +0 trident
              (8 damage)
             ... on level 4 of the Dungeon.
             The game lasted 00:14:18 (1228 turns).

ChaosMuffin the Skirmisher (DsAK)                   Turns: 1228, Time: 00:14:33

Health: -5/30      AC:  4    Str: 13    XL:     3   Next: 62%
Magic:  5/5        EV: 13    Int: 13    God:    Lugonu [**....]
Gold:   48         SH:  0    Dex: 12    Spells: 2/2 levels left

rFire    . . .     SeeInvis .   a - +1 hand axe
rCold    . . .     Gourm    .   (no shield)
rNeg     . . .     Faith    .   b - +1 leather armour
rPois    .         Spirit   .   (helmet restricted)
rElec    .         Reflect  .   (no cloak)
rCorr    .         Harm     .   (no gloves)
MR       .....                  (no boots)
Stlth    +.........             (no amulet)
Regen    0.1/turn               d - +2 ring of evasion
MPRegen  0.1/turn               (no ring)

@: no status effects
A: antennae 1
a: Depart the Abyss, Bend Space, Renounce Religion


You were on level 4 of the Dungeon.
You worshipped Lugonu.
Lugonu was pleased with you.
You were very hungry.

You visited 1 branch of the dungeon, and saw 4 of its levels.
You visited the Abyss 1 time.

You collected 48 gold pieces.

Inventory:

Hand Weapons
 a - a +1 hand axe (weapon)
Armour
 b - a +1 leather armour (worn)
 i - a +0 leather armour
 k - a +0 robe
Jewellery
 d - a +2 ring of evasion (left hand)
 m - an uncursed ring of fire {unknown}
Scrolls
 l - 5 scrolls of remove curse {unknown}
 n - a scroll of identify {unknown}
Potions
 e - a potion of cancellation {unknown}
 g - a potion of lignification {unknown}
 o - 2 potions of curing {unknown}
 p - a potion of heal wounds {unknown}
Comestibles
 c - 6 bread rations
 f - 2 fruits
 h - a royal jelly
 j - 3 meat rations


   Skills:
 + Level 3.8 Fighting
 + Level 2.2 Axes
 + Level 2.1 Armour
 + Level 1.3 Dodging
 + Level 2.7 Invocations


You had 2 spell levels left.
You didn't know any spells.

Dungeon Overview and Level Annotations

Branches:
Dungeon (4/15)
 Temple: D:4-7

Altars:


Innate Abilities, Weirdness & Mutations

You have a pair of small antennae on your head.


Message History

The orc hits you with a hand axe.
You barely miss the orc.
The orc is almost dead.
You hit the orc. x2; You hit the quokka but do no damage.
The quokka bites you. The orc hits you but does no damage. The orc hits you.
The quokka closely misses you. The orc misses you.
You closely miss the orc.
The orc is almost dead.
You hit the orc. You barely miss the orc. You closely miss the quokka.
You hit the orc. You miss the adder. The orc hits you with a mace.
The quokka bites you.
* * * LOW HITPOINT WARNING * * *
The orc hits you.
* * * LOW HITPOINT WARNING * * *
The orc closely misses you. The adder bites you.
* * * LOW HITPOINT WARNING * * *
The orc hits you with a hand axe.
* * * LOW HITPOINT WARNING * * *
The orc hits you from afar with a trident!
You die...

.. .###
###.#... ..
###......###..
##.........#..#
...............
##..?.........#
#.....Soo...#
#......@oo..#
.....oor....#
##.....oo..##
#.....o....#
#..(.......#
##..........#
#...........#
#.....<.....#
#..#........##


You could see an adder, 9 orcs and a quokka.

Vanquished Creatures
  An ooze (D:2)
  2 worms
  A leopard gecko (D:3)
  3 giant cockroaches
  3 goblins
  3 hobgoblins
  4 jackals (D:2)
  6 kobolds
  2 quokkas
  A ball python (D:2)
  4 bats
  3 frilled lizards (D:2)
  7 rats
40 creatures vanquished.

Notes
Turn   | Place    | Note
-------+----------+-------------------------------------------
     0 | Abyss:1  | ChaosMuffin the Demonspawn Abyssal Knight began the quest for the Orb.
     0 | Abyss:1  | Reached XP level 1. HP: 18/18 MP: 2/2
    59 | D:1      | Escaped the Abyss
   348 | D:2      | Gained mutation: You have a pair of small antennae on your head. [demonic ancestry]
   348 | D:2      | Reached XP level 2. HP: 18/24 MP: 3/3
   595 | D:2      | Reached ** piety under Lugonu
   596 | D:2      | Reached skill level 1 in Dodging
   637 | D:2      | Reached XP level 3. HP: 15/29 MP: 5/5
  1228 | D:4      | Slain by an orc

Skill      XL: |  1  2 |
---------------+-------+-----
Armour         | 2 |  2.1
Dodging        | 1 |  1.3
Axes           | 2 |  2.2
Fighting       | |  3.8
Invocations    | |  2.7

Action                   || total
-------------------------++-------
Melee: Hand axe          ||   132
  Use: Scroll            ||     1
Armor: Leather armour    ||    60
Dodge: Dodged            ||   133
